[Event "November 21 Early 2023"]
[Site "https://www.chess.com"]
[Date "2023.11.21"]
[Round "4"]
[White "Le, Quang Liem"]
[Black "Trost, Edvin"]
[Result "1-0"]
[Board "25"]
[TimeControl "180+1"]
[WhiteFideId "12401137"]
[BlackFideId "1729519"]
[WhiteElo "2665"]
[BlackElo "2385"]
[WhiteTeam "VIE"]
[BlackTeam "SWE"]
[WhiteClock "0:00:28"]
[BlackClock "0:00:36"]

1. Nf3 Nf6 2. c4 e6 3. Nc3 d5 4. e3 Bd6 5. b3 O-O 6. Bb2 b6 7. cxd5 exd5 8. Nb5 Be7 9. Be5 Ne8 10. Rc1 c6 11. Bxb8 cxb5 12. Be5 b4 13. Bb5 Bd7 14. Ba6 Bd6 15. Bb7 Rb8 16. Bxd6 Nxd6 17. Bxd5 Bb5 18. Nd4 Qg5 19. Nxb5 Nxb5 20. Bc6 Rfd8 21. O-O Nc3 22. Qe1 Nd5 23. Bxd5 Qxd5 24. d4 a5 25. Qd2 h5 26. Rc2 h4 27. h3 Rd6 28. Qd3 Re8 29. f3 Red8 30. Rfc1 Qg5 31. Rc8 g6 32. Rxd8+ Rxd8 33. Rc6 Qg3 34. Qd2 Qb8 35. e4 b5 36. d5 Qe5 37. Rc5 Qa1+ 38. Rc1 Qe5 39. Kh1 Qf6 40. Qe2 Qf4 41. Rc2 Qb8 42. Qf2 Qf4 43. Qc5 Qg3 44. Rc1 Qf4 45. Qc7 Qg5 46. Rd1 Rf8 47. d6 Qf4 48. Qe7 Qe3 49. d7 Qe2 50. Qxf8+ Kh7 51. d8=Q 1-0

[Event "November 21 Early 2023"]
[Site "https://www.chess.com"]
[Date "2023.11.21"]
[Round "4"]
[White "Van Foreest, Jorden"]
[Black "Vignesh N R"]
[Result "1/2-1/2"]
[Board "26"]
[TimeControl "180+1"]
[WhiteFideId "1039784"]
[BlackFideId "25012215"]
[WhiteElo "2664"]
[BlackElo "2425"]
[WhiteTeam "NED"]
[BlackTeam "IND"]
[WhiteClock "0:00:55"]
[BlackClock "0:00:51"]

1. e4 c5 2. Nf3 d6 3. d4 cxd4 4. Nxd4 Nf6 5. Nc3 a6 6. Bc4 e6 7. a4 Nc6 8. O-O Be7 9. Re1 Qc7 10. Nxc6 bxc6 11. a5 d5 12. Bd3 Bd6 13. h3 Bh2+ 14. Kh1 Bf4 15. Qf3 Bxc1 16. Rexc1 O-O 17. Re1 Rb8 18. b3 Rd8 19. e5 Nd7 20. Qg3 c5 21. Qh4 Nf8 22. Ra4 Ng6 23. Qh5 Rb4 24. Bxg6 hxg6 25. Qg5 Rxa4 26. Nxa4 Qxa5 27. Ra1 d4 28. Kh2 Rd5 29. Ra2 Qc7 30. f4 Bd7 31. Qe7 Rxe5 32. fxe5 Qxe5+ 33. Kg1 Qe1+ 34. Kh2 Qe5+ 35. Kg1 Qe1+ 36. Kh2 Qe5+ 1/2-1/2

[Event "November 21 Early 2023"]
[Site "https://www.chess.com"]
[Date "2023.11.21"]
[Round "4"]
[White "NovozhilovSemen"]
[Black "Rasulov, Vugar"]
[Result "0-1"]
[Board "27"]
[TimeControl "180+1"]
[BlackFideId "13402390"]
[WhiteElo "2748"]
[BlackElo "2517"]
[BlackTeam "AZE"]
[WhiteClock "0:00:29"]
[BlackClock "0:02:01"]

1. d4 Nf6 2. Nf3 c5 3. d5 e6 4. c4 d6 5. Nc3 exd5 6. cxd5 g6 7. h3 Bg7 8. e4 O-O 9. Bd3 Nbd7 10. O-O a6 11. a4 Qc7 12. Nd2 Rb8 13. f4 Re8 14. Qf3 b6 15. Nc4 b5 16. axb5 axb5 17. Na5 c4 18. Bc2 Ra8 19. Nb3 cxb3 20. Rxa8 bxc2 21. Be3 b4 22. Nb5 Qb7 23. Ra5 Nxe4 24. Nd4 Bxd4 25. Bxd4 Nd2 0-1

[Event "November 21 Early 2023"]
[Site "https://www.chess.com"]
[Date "2023.11.21"]
[Round "4"]
[White "mind1mover"]
[Black "Hua, Lefong"]
[Result "0-1"]
[Board "28"]
[TimeControl "180+1"]
[BlackFideId "2602253"]
[WhiteElo "2892"]
[BlackElo "2727"]
[BlackTeam "CAN"]
[WhiteClock "0:00:02"]
[BlackClock "0:00:27"]

1. Nf3 Nf6 2. b3 g6 3. Bb2 Bg7 4. g3 O-O 5. Bg2 c5 6. O-O Nc6 7. e3 d6 8. d4 Rb8 9. dxc5 dxc5 10. Ne5 Qc7 11. Nxc6 bxc6 12. Nd2 Ba6 13. Re1 c4 14. Nf3 Nd5 15. Bxg7 Kxg7 16. bxc4 Nf6 17. c5 Rfd8 18. Qc1 e5 19. Qa3 Bc4 20. Qc3 Bd5 21. Nxe5 Bxg2 22. Ng4 Qe7 23. Kxg2 Rd5 24. Rab1 Rxc5 25. Qxf6+ Qxf6 26. Nxf6 Rxb1 27. Ne8+ Kf8 28. Rxb1 Kxe8 29. Rb2 a5 30. Kf3 Ke7 31. Ke2 Ke6 32. Kd3 Rd5+ 33. Ke2 Rc5 34. f3 h5 35. e4 Rc3 36. f4 h4 37. Kd2 Rf3 38. Rb6 Rf2+ 39. Kd3 h3 40. Rxc6+ Kd7 41. Ra6 Rxh2 42. Ra7+ Ke6 43. Ra8 Rg2 44. Rh8 Rxg3+ 45. Kd4 f6 46. Rh7 g5 47. f5+ Kd6 48. c4 g4 49. c5+ Kc6 50. Rh6 Rg1 51. e5 Rd1+ 52. Kc4 g3 53. Rxf6+ Kc7 54. Rf7+ Kc6 55. Rf6+ Kc7 56. Rf7+ Rd7 57. Rxd7+ Kxd7 58. e6+ Ke7 59. c6 g2 60. c7 g1=Q 61. c8=Q Qc1+ 0-1

[Event "November 21 Early 2023"]
[Site "https://www.chess.com"]
[Date "2023.11.21"]
[Round "4"]
[White "Rustemov, Alexander"]
[Black "Goltsev, Dmitry"]
[Result "1/2-1/2"]
[Board "29"]
[TimeControl "180+1"]
[WhiteFideId "4119002"]
[BlackFideId "24176710"]
[WhiteElo "2889"]
[BlackElo "2370"]
[WhiteTeam "RUS"]
[BlackTeam "RUS"]
[WhiteClock "0:00:06"]
[BlackClock "0:00:04"]

1. d4 e6 2. Nf3 d5 3. c4 Nf6 4. Nc3 dxc4 5. e4 c5 6. Bxc4 cxd4 7. Qxd4 Qxd4 8. Nxd4 a6 9. f3 Bd7 10. Be3 Nc6 11. Kf2 Rc8 12. Be2 Ne5 13. Rhc1 Bc5 14. Nb3 Bxe3+ 15. Kxe3 Ke7 16. Nd1 Rxc1 17. Rxc1 Rc8 18. Rxc8 Bxc8 19. Nf2 Ned7 20. Nd3 b6 21. Kd4 Ne8 22. e5 Nc7 23. f4 Nb5+ 24. Ke3 Bb7 25. g3 Nc7 26. Nd4 Nd5+ 27. Kd2 f6 28. Bf3 fxe5 29. Nxe5 Nc5 30. a3 Nf6 31. Be2 Nce4+ 32. Ke3 Nd6 33. Bd3 g6 34. h4 Nf5+ 35. Nxf5+ exf5 36. b4 b5 37. Be2 Kd6 38. Nd3 Bc8 39. Nc5 Kd5 40. Kd3 a5 41. Bf3+ Kd6 42. Kd4 axb4 43. axb4 Bd7 44. Nb7+ Kc7 45. Ke5 Ne4 46. Bxe4 fxe4 47. Nc5 e3 48. Nd3 e2 49. Kd4 Kd6 50. Ke3 Bg4 51. Kd2 Kd5 52. Ne5 Bf5 53. Kxe2 Kd4 54. Kd2 h5 55. Nc6+ Kc4 56. Ke3 Kc3 57. Ke2 Kc4 58. Kd2 Bb1 59. Ke3 Bf5 60. Kd2 Bb1 61. Ke3 Bf5 62. Kd2 1/2-1/2

[Event "November 21 Early 2023"]
[Site "https://www.chess.com"]
[Date "2023.11.21"]
[Round "4"]
[White "Hasangatin, Ramil"]
[Black "Sjugirov, Sanan"]
[Result "0-1"]
[Board "30"]
[TimeControl "180+1"]
[WhiteFideId "4122160"]
[BlackFideId "4189302"]
[WhiteElo "2317"]
[BlackElo "2569"]
[WhiteTeam "RUS"]
[BlackTeam "HUN"]
[WhiteClock "0:00:04"]
[BlackClock "0:00:12"]

1. e4 c5 2. Nf3 d6 3. d4 cxd4 4. Qxd4 Nc6 5. Bb5 a6 6. Bxc6+ bxc6 7. c4 e5 8. Qd3 c5 9. Bg5 f6 10. Be3 Ne7 11. Nc3 Nc6 12. O-O Be7 13. Rfd1 Be6 14. Nd5 Nd4 15. Bxd4 cxd4 16. b4 O-O 17. a4 f5 18. Nd2 Bg5 19. f4 fxe4 20. Nxe4 Bxf4 21. g3 Bh6 22. Rf1 Rb8 23. b5 Qd7 24. bxa6 Qa7 25. Nxd6 Qxa6 26. Ne7+ Kh8 27. Nef5 Be3+ 28. Nxe3 Qxd6 29. Ng2 Qc5 30. Rxf8+ Rxf8 31. Rc1 Rc8 32. a5 Bxc4 33. Qe4 Qxa5 34. Ne3 Be6 35. Rxc8+ Bxc8 36. Nc4 Qa1+ 37. Kf2 Qa2+ 38. Qe2 Qxe2+ 39. Kxe2 Ba6 0-1

[Event "November 21 Early 2023"]
[Site "https://www.chess.com"]
[Date "2023.11.21"]
[Round "4"]
[White "Rohith Krishna S"]
[Black "Starozhilov, Leonid"]
[Result "1-0"]
[Board "31"]
[TimeControl "180+1"]
[WhiteFideId "46617051"]
[BlackFideId "14106752"]
[WhiteElo "2394"]
[BlackElo "2270"]
[WhiteTeam "IND"]
[BlackTeam "UKR"]
[WhiteClock "0:01:13"]
[BlackClock "0:00:11"]

1. e4 c6 2. d4 d5 3. Nc3 dxe4 4. Nxe4 Nf6 5. Ng3 h5 6. h4 e5 7. Bg5 exd4 8. Bc4 Bg4 9. f3 Be6 10. Bxe6 fxe6 11. Qd3 Qa5+ 12. Kf2 Nbd7 13. Qg6+ Kd8 14. N1e2 Qb6 15. Nf4 d3+ 16. Kf1 Qxb2 17. Nxe6+ Kc8 18. Re1 d2 19. Bxd2 b6 20. Qf7 Kb7 21. Bg5 Ka6 22. Nc7+ Kb7 23. Nxa8 Bb4 24. Bxf6 gxf6 25. Qxd7+ Kxa8 26. Qxc6+ Kb8 27. Re8+ Rxe8 28. Qxe8+ Kb7 29. Qe4+ Ka6 30. Ke2 Qxa2 31. Nf5 Ba5 32. Nd6 1-0

[Event "November 21 Early 2023"]
[Site "https://www.chess.com"]
[Date "2023.11.21"]
[Round "4"]
[White "Dobrikov, Marco"]
[Black "Klukin, Kirill"]
[Result "0-1"]
[Board "32"]
[TimeControl "180+1"]
[WhiteFideId "12950378"]
[BlackFideId "24199273"]
[WhiteElo "2394"]
[BlackElo "2344"]
[WhiteTeam "GER"]
[BlackTeam "RUS"]
[WhiteClock "0:00:18"]
[BlackClock "0:00:13"]

1. c4 c5 2. Nc3 Nc6 3. e3 g6 4. b3 Bg7 5. Bb2 e6 6. Qc2 Nge7 7. Nf3 O-O 8. Be2 b6 9. O-O Bb7 10. a3 Rc8 11. d3 d5 12. Rad1 d4 13. Ne4 Nf5 14. exd4 Ncxd4 15. Nxd4 Nxd4 16. Bxd4 Qxd4 17. Bf3 Ba8 18. Ng5 Rfd8 19. Bxa8 Rxa8 20. Nf3 Qf4 21. b4 Rac8 22. b5 Rd7 23. a4 Rcd8 24. a5 bxa5 25. Qa4 Bc3 26. Qc2 Bb4 27. Qe2 Bc3 28. Qc2 Qf6 29. Nd2 Bb4 30. Ne4 Qf5 31. Qe2 Qe5 32. Qf3 Kg7 33. h4 a4 34. h5 a3 35. Qe3 Qxh5 36. Ng5 h6 37. Qe5+ Kg8 38. Nf3 Qxe5 39. Nxe5 Bc3 40. Nxd7 Rxd7 41. g3 a2 42. Kg2 Kg7 43. f4 Kf6 44. Kf2 a1=Q 45. Rxa1 Bxa1 46. Rxa1 Rxd3 47. Rxa7 Rc3 48. Ra4 Kf5 49. b6 Rb3 50. Ra7 f6 51. b7 Kg4 52. Ra6 Rxb7 53. Rxe6 Rb2+ 54. Ke3 Rb3+ 55. Kf2 Rf3+ 56. Ke2 Rxg3 57. Rxf6 Kh5 58. Rc6 Rc3 59. Rxc5+ Kg4 60. Kd2 Rf3 61. Rc6 Kf5 62. c5 Rxf4 63. Rc8 Rc4 64. Kd3 Rc1 65. Kd2 Ra1 66. c6 Kg5 67. c7 Ra7 68. Ke3 h5 69. Kf3 Ra3+ 70. Kg2 Rc3 71. Kh2 h4 72. Kg2 Rc6 73. Kh3 Rc3+ 74. Kg2 Rc2+ 75. Kf3 h3 76. Kg3 h2 77. Rh8 Rxc7 78. Kxh2 Rc2+ 79. Kg3 Rc3+ 80. Kg2 Kg4 81. Ra8 Rc2+ 82. Kg1 g5 83. Ra3 Kf4 84. Ra4+ Kg3 85. Ra3+ Kh4 86. Rb3 Rc4 87. Kg2 Rg4+ 88. Kh2 Rd4 89. Kg2 Kg4 90. Rg3+ Kf4 91. Rf3+ Ke4 92. Rf8 Rd3 93. Rg8 Kf4 94. Rf8+ Kg4 95. Ra8 Rd2+ 96. Kf1 Rc2 97. Kg1 Kh3 98. Rh8+ Kg3 99. Kf1 g4 100. Ra8 Rc1+ 101. Ke2 Kg2 102. Kd2 Rf1 103. Ke2 g3 104. Rg8 Rf7 105. Ke3 Kh2 106. Rh8+ Kg1 107. Rg8 g2 108. Ke2 Re7+ 109. Kf3 Kf1 110. Rxg2 Rf7+ 111. Kg3 Rg7+ 112. Kh2 Rxg2+ 113. Kh1 Rg8 114. Kh2 Kf2 115. Kh1 Rg7 116. Kh2 Rh7# 0-1

[Event "November 21 Early 2023"]
[Site "https://www.chess.com"]
[Date "2023.11.21"]
[Round "4"]
[White "Cherniaiev, Tykhon"]
[Black "Bodnaruk, Anastasia"]
[Result "1-0"]
[Board "33"]
[TimeControl "180+1"]
[WhiteFideId "14182360"]
[BlackFideId "4181751"]
[WhiteElo "2438"]
[BlackElo "2260"]
[WhiteTeam "UKR"]
[BlackTeam "RUS"]
[WhiteClock "0:00:16"]
[BlackClock "0:00:11"]

1. Nf3 Nf6 2. d4 g6 3. c4 Bg7 4. g3 O-O 5. Bg2 d6 6. O-O Nc6 7. Nc3 a6 8. b3 Rb8 9. Bb2 b5 10. cxb5 axb5 11. Rc1 b4 12. Na4 Na5 13. d5 e6 14. dxe6 fxe6 15. Qc2 c5 16. Rfd1 Qe7 17. Qd3 Nb7 18. Ng5 Kh8 19. Bxb7 Rxb7 20. Qxd6 Nd5 21. Bxg7+ Kxg7 22. Qxe7+ Rxe7 23. Ne4 Ra7 24. Nexc5 Kf6 25. e4 Nc3 26. Nxc3 bxc3 27. Rxc3 Ke7 28. a4 e5 29. Kg2 Rc7 30. Rd5 Bb7 31. Rxe5+ Kf6 32. Re6+ Kg7 33. Rc4 Kf7 34. Rb6 Ba8 35. Rbb4 Rd8 36. Na6 Rxc4 37. Rxc4 Rd2 38. Nc5 Kf6 39. a5 Ke5 40. a6 g5 41. h3 h5 42. b4 g4 43. hxg4 hxg4 44. b5 Rd4 45. Rxd4 Kxd4 46. b6 1-0

[Event "November 21 Early 2023"]
[Site "https://www.chess.com"]
[Date "2023.11.21"]
[Round "4"]
[White "Vakhlamov, Igor L."]
[Black "FREDERICKtheMATE"]
[Result "1-0"]
[Board "34"]
[TimeControl "180+1"]
[WhiteFideId "24126748"]
[WhiteElo "2407"]
[BlackElo "2569"]
[WhiteTeam "RUS"]
[WhiteClock "0:02:04"]
[BlackClock "0:02:16"]

1. e4 c5 2. Nf3 Nc6 3. Nc3 g6 4. d4 cxd4 5. Nxd4 Bg7 6. Nxc6 bxc6 7. Bc4 e6 8. O-O d5 9. exd5 cxd5 10. Nxd5 exd5 11. Bxd5 Rb8 12. Bxf7+ Ke7 13. Re1+ Be6 14. Qxd8+ Kxd8 15. Bxe6 Bxb2 16. Bg5+ Bf6 17. Rad1+ Kc7 18. Bf4+ 1-0

[Event "November 21 Early 2023"]
[Site "https://www.chess.com"]
[Date "2023.11.21"]
[Round "4"]
[White "robertoalejandro10"]
[Black "Lobanov, Sergei"]
[Result "0-1"]
[Board "35"]
[TimeControl "180+1"]
[BlackFideId "24183750"]
[WhiteElo "2491"]
[BlackElo "2483"]
[BlackTeam "FID"]
[WhiteClock "0:00:00"]
[BlackClock "0:01:00"]

1. Nf3 d5 2. b3 Bf5 3. Bb2 h6 4. g3 e6 5. Bg2 Nd7 6. c4 Ngf6 7. O-O Be7 8. d3 O-O 9. Nbd2 Bh7 10. a3 a5 11. Ra2 c5 12. cxd5 exd5 13. d4 b6 14. dxc5 bxc5 15. Qa1 a4 16. bxa4 Rxa4 17. Ne5 Nxe5 18. Bxe5 d4 19. Qd1 Qd7 20. Qb3 Ng4 21. Nf3 Bf5 22. Qb6 Be4 23. Bf4 Qd5 24. Raa1 Rfa8 25. h3 Nf6 26. Qc7 Bf8 27. Rfc1 d3 28. Rd1 c4 29. Ne1 Bxg2 30. Nxg2 Rxa3 31. Rxa3 Rxa3 32. exd3 Rxd3 33. Rf1 c3 34. Ne3 Qf3 35. Qc4 Qe2 36. Be5 Rxe3 37. Qf4 Rxe5 0-1

[Event "November 21 Early 2023"]
[Site "https://www.chess.com"]
[Date "2023.11.21"]
[Round "4"]
[White "Ishbaev, Alibek"]
[Black "Suyarov, Mukhammadzokhid"]
[Result "0-1"]
[Board "36"]
[TimeControl "180+1"]
[WhiteFideId "14205017"]
[BlackFideId "14210495"]
[WhiteElo "2410"]
[BlackElo "2449"]
[WhiteTeam "UZB"]
[BlackTeam "UZB"]
[WhiteClock "0:00:16"]
[BlackClock "0:01:21"]

1. c4 e5 2. g3 Nc6 3. Bg2 Nf6 4. Nf3 g6 5. O-O Bg7 6. Nc3 O-O 7. d4 exd4 8. Nxd4 Re8 9. Nxc6 bxc6 10. b3 Rb8 11. Bb2 c5 12. e3 d6 13. Nd5 Nxd5 14. Bxg7 Nxe3 15. fxe3 Kxg7 16. Bd5 Be6 17. e4 Bxd5 18. exd5 Re5 19. Qf3 Qe7 20. Rf2 Re8 21. Raf1 f5 22. g4 Qg5 23. Qg2 Rf8 24. gxf5 Qxg2+ 25. Kxg2 Rfxf5 26. Rxf5 Rxf5 27. Re1 Kf7 28. Kg3 a5 29. h4 h6 30. Re2 g5 31. hxg5 Rxg5+ 32. Kf4 Rg1 33. Re6 Rf1+ 34. Kg4 Kg7 35. Re7+ Rf7 36. Rxc7 Rxc7 0-1

[Event "November 21 Early 2023"]
[Site "https://www.chess.com"]
[Date "2023.11.21"]
[Round "4"]
[White "Martinez Alcantara, Jose Eduardo"]
[Black "Friedland, Moshe"]
[Result "1-0"]
[Board "37"]
[TimeControl "180+1"]
[WhiteFideId "3805662"]
[BlackFideId "2812843"]
[WhiteElo "2703"]
[BlackElo "2186"]
[WhiteTeam "PER"]
[BlackTeam "ISR"]
[WhiteClock "0:02:15"]
[BlackClock "0:00:00"]

1. e4 c5 2. Nf3 d6 3. c3 Nf6 4. h3 e6 5. Bd3 Nc6 6. Bc2 d5 7. e5 Nd7 8. d4 cxd4 9. cxd4 Qa5+ 10. Nc3 Nb4 11. Bb1 Qa6 12. a3 Nb6 13. b3 Nd7 14. Bb2 Nc6 15. Bd3 Qa5 16. O-O a6 17. Ne2 Be7 18. Nf4 g6 19. Qc2 Nf8 20. b4 Qb6 21. h4 Bd7 22. Rac1 Rc8 23. Qd2 Na7 24. Be2 Rxc1 25. Rxc1 Bc6 26. Nd3 Nd7 27. Nc5 h5 28. Ng5 Nxc5 29. bxc5 Qb3 30. Rc3 Qa2 31. Qc1 Bxg5 32. hxg5 Bb5 33. Bd1 Bc4 34. a4 Kd7 35. Ra3 Qxa3 36. Bxa3 Nc6 37. Qf4 Nd8 38. Bc1 Ke7 39. Qe3 Kd7 40. Qf4 Re8 41. a5 Nc6 42. Qxf7+ Re7 43. Qxg6 Nxd4 44. Qxh5 Nc6 45. g6 d4 46. Bg5 Rg7 47. Bf6 1-0

[Event "November 21 Early 2023"]
[Site "https://www.chess.com"]
[Date "2023.11.21"]
[Round "4"]
[White "Erigaisi Arjun"]
[Black "Nitin, S."]
[Result "1-0"]
[Board "38"]
[TimeControl "180+1"]
[WhiteFideId "35009192"]
[BlackFideId "5018277"]
[WhiteElo "2729"]
[BlackElo "2359"]
[WhiteTeam "IND"]
[BlackTeam "IND"]
[WhiteClock "0:01:46"]
[BlackClock "0:00:01"]

1. b3 e5 2. Bb2 d6 3. g3 h5 4. Nf3 e4 5. Nh4 Nd7 6. d3 Ngf6 7. Nd2 d5 8. e3 Bd6 9. Nf5 Be5 10. d4 Bd6 11. Nxg7+ Kf8 12. Nf5 Nb6 13. Nxd6 cxd6 14. h3 Bf5 15. c4 dxc4 16. bxc4 d5 17. c5 Nc8 18. Qb3 Rb8 19. a4 Ne7 20. a5 Nc6 21. Bc3 Qd7 22. Qa4 Kg7 23. Rb1 a6 24. Rb6 Rhc8 25. Kd1 Qe8 26. Kc1 Nd7 27. Rb2 Nf6 28. Kb1 Bd7 29. Qa3 Na7 30. Rb6 Bc6 31. g4 h4 32. Ka1 Nd7 33. Rb1 Nb5 34. Qc1 Qd8 35. Bb4 Nf8 36. f4 Bd7 37. Qe1 Na7 38. Bc3 Nc6 39. Rb6 Be8 40. g5 Nd7 41. Qxh4 Nxb6 42. axb6 Qd7 43. Be2 Ne7 44. Nxe4 Qa4+ 45. Kb2 Ng8 46. Nf6 1-0

[Event "November 21 Early 2023"]
[Site "https://www.chess.com"]
[Date "2023.11.21"]
[Round "4"]
[White "Erdogmus, Yagiz Kaan"]
[Black "Degenbaev, Aziz"]
[Result "0-1"]
[Board "39"]
[TimeControl "180+1"]
[WhiteFideId "44599790"]
[BlackFideId "13802640"]
[WhiteElo "2359"]
[BlackElo "2083"]
[WhiteTeam "TUR"]
[BlackTeam "KGZ"]
[WhiteClock "0:00:00"]
[BlackClock "0:00:53"]

1. e4 c5 2. Nf3 d6 3. d4 cxd4 4. Nxd4 Nf6 5. Nc3 e5 6. Bb5+ Nbd7 7. Nf5 a6 8. Bxd7+ Qxd7 9. Bg5 Nxe4 10. Nxg7+ Bxg7 11. Nxe4 O-O 12. Qxd6 f6 13. Be3 Qg4 14. f3 Qxg2 15. Rg1 Qxf3 16. Bh6 Qxe4+ 17. Kd2 Bg4 18. Rae1 Bxh6+ 19. Kc3 Qf3+ 20. Kb4 Rfd8 21. Qe6+ Kh8 22. Rxg4 Bd2+ 23. c3 Bxe1 24. Rg1 Bxc3+ 25. bxc3 Rac8 26. Rg3 a5+ 27. Ka3 Rxc3+ 28. Ka4 Qc6+ 0-1

[Event "November 21 Early 2023"]
[Site "https://www.chess.com"]
[Date "2023.11.21"]
[Round "4"]
[White "Taboas Rodriguez, Daniel"]
[Black "Lazavik, Denis"]
[Result "0-1"]
[Board "40"]
[TimeControl "180+1"]
[WhiteFideId "2208466"]
[BlackFideId "13515110"]
[WhiteElo "2365"]
[BlackElo "2556"]
[WhiteTeam "ESP"]
[BlackTeam "BLR"]
[WhiteClock "0:00:18"]
[BlackClock "0:01:06"]

1. d4 Nf6 2. Nf3 e6 3. c4 b6 4. Nc3 Bb7 5. Bg5 h6 6. Bh4 Be7 7. e3 O-O 8. Bd3 c5 9. O-O cxd4 10. exd4 Nc6 11. Qe2 Nh5 12. Qe4 f5 13. Bxe7 fxe4 14. Bxd8 exf3 15. Bc7 fxg2 16. Rfd1 Nxd4 17. Be4 Nf3+ 18. Kxg2 Bc6 19. Rxd7 Bxd7 20. Bxa8 Nh4+ 21. Kh3 g5 22. Rd1 Bc8 23. Rd8 Rxd8 24. Bxd8 e5# 0-1

[Event "November 21 Early 2023"]
[Site "https://www.chess.com"]
[Date "2023.11.21"]
[Round "4"]
[White "Souleidis, Georgios"]
[Black "Maghsoodloo, Parham"]
[Result "0-1"]
[Board "41"]
[TimeControl "180+1"]
[WhiteFideId "4206827"]
[BlackFideId "12539929"]
[WhiteElo "2401"]
[BlackElo "2660"]
[WhiteTeam "GRE"]
[BlackTeam "IRI"]
[WhiteClock "0:00:03"]
[BlackClock "0:01:41"]

1. e4 c5 2. Nf3 d6 3. Bc4 a6 4. O-O b5 5. Bd5 Ra7 6. a4 e6 7. Ba2 Nf6 8. Re1 Be7 9. d4 cxd4 10. Nxd4 bxa4 11. Nc3 Bd7 12. Bc4 Rc7 13. Qe2 Qc8 14. Bd3 Rb7 15. Nxa4 Rb4 16. b3 Rxd4 17. c3 Rxa4 18. bxa4 O-O 19. Ba3 e5 20. Rec1 a5 21. Bb5 Be6 22. c4 Nc6 23. Bb2 Nd7 24. Rd1 Nc5 25. Qc2 Nb4 26. Qc3 Nxe4 27. Qe3 Nc5 28. Ba3 Nc2 0-1

[Event "November 21 Early 2023"]
[Site "https://www.chess.com"]
[Date "2023.11.21"]
[Round "4"]
[White "Spata, German"]
[Black "Paravyan, David"]
[Result "0-1"]
[Board "42"]
[TimeControl "180+1"]
[WhiteFideId "113026"]
[BlackFideId "4194985"]
[WhiteElo "2260"]
[BlackElo "2566"]
[WhiteTeam "ARG"]
[BlackTeam "FID"]
[WhiteClock "0:00:34"]
[BlackClock "0:01:50"]

1. e4 e5 2. Nc3 Nf6 3. d4 exd4 4. Qxd4 Nc6 5. Qd3 Bc5 6. Bf4 d6 7. Qd2 O-O 8. O-O-O a5 9. f3 a4 10. a3 Be6 11. Bg5 h6 12. Bh4 Ne5 13. Nge2 Nc4 14. Qd3 Ne5 15. Qd2 Nxe4 16. Bxd8 Nxd2 17. Bxc7 Be3 18. Rxd2 Nc4 19. Ng3 Bxd2+ 20. Kb1 Nxa3+ 21. bxa3 Bxc3 22. Bxd6 Rfd8 23. Ne4 Bd4 24. Bb4 Rac8 25. Bd3 Rc6 26. Bb5 Rb6 27. Bxa4 Ra8 28. Bb3 Rxb4 0-1

[Event "November 21 Early 2023"]
[Site "https://www.chess.com"]
[Date "2023.11.21"]
[Round "4"]
[White "Al-Tarboush, Ward"]
[Black "Demchenko, Anton"]
[Result "1-0"]
[Board "43"]
[TimeControl "180+1"]
[WhiteFideId "7601450"]
[BlackFideId "4160258"]
[WhiteElo "2280"]
[BlackElo "2545"]
[WhiteTeam "NOR"]
[BlackTeam "SLO"]
[WhiteClock "0:00:27"]
[BlackClock "0:00:19"]

1. e4 e5 2. Nf3 Nc6 3. Bb5 a6 4. Ba4 Nge7 5. Nc3 d6 6. Nd5 Nxd5 7. exd5 b5 8. dxc6 bxa4 9. c3 Be7 10. Qxa4 O-O 11. O-O Bf5 12. d4 e4 13. Ne1 Bg6 14. Bf4 f5 15. Nc2 Bf7 16. c4 g5 17. Bd2 f4 18. d5 Bg6 19. Bc3 f3 20. g3 Qc8 21. Ne3 Qh3 22. c5 dxc5 23. d6 Bxd6 24. Qc4+ Rf7 25. Rfd1 h6 26. Rd2 Kh7 27. Rad1 Raf8 28. Rxd6 cxd6 29. Rxd6 Qc8 30. Qxc5 Rd8 31. Rxd8 Qxd8 32. Qe5 Qe7 33. Qh8# 1-0

[Event "November 21 Early 2023"]
[Site "https://www.chess.com"]
[Date "2023.11.21"]
[Round "4"]
[White "Terry, Renato"]
[Black "Belov, Alexei"]
[Result "1-0"]
[Board "44"]
[TimeControl "180+1"]
[WhiteFideId "3803457"]
[BlackFideId "4128206"]
[WhiteElo "2572"]
[BlackElo "2624"]
[WhiteTeam "PER"]
[BlackTeam "RUS"]
[WhiteClock "0:01:24"]
[BlackClock "0:00:20"]

1. e4 e6 2. d4 d5 3. exd5 exd5 4. Nf3 Nf6 5. c4 Be7 6. Nc3 O-O 7. Bd3 dxc4 8. Bxc4 Nbd7 9. O-O Nb6 10. Bb3 Nbd5 11. Ne5 Be6 12. Re1 Re8 13. Qf3 c5 14. dxc5 Bxc5 15. Bg5 Nxc3 16. bxc3 Bxb3 17. axb3 Qd5 18. Bxf6 Qxf3 19. Nxf3 gxf6 20. b4 Bb6 21. c4 a6 22. g3 Kf8 23. Kg2 Rxe1 24. Rxe1 Rd8 25. c5 Bc7 26. Re4 Rd3 27. Nd4 Rc3 28. h3 Be5 29. Nf3 Rb3 30. Rc4 Bc3 31. c6 bxc6 32. Rxc6 Rxb4 33. Rxc3 1-0

[Event "November 21 Early 2023"]
[Site "https://www.chess.com"]
[Date "2023.11.21"]
[Round "4"]
[White "Aaditya Dhingra"]
[Black "Kovalenko, Igor"]
[Result "0-1"]
[Board "45"]
[TimeControl "180+1"]
[WhiteFideId "25678191"]
[BlackFideId "14117908"]
[WhiteElo "2269"]
[BlackElo "2574"]
[WhiteTeam "IND"]
[BlackTeam "UKR"]
[WhiteClock "0:00:07"]
[BlackClock "0:00:57"]

1. d4 Nf6 2. c4 e6 3. Nf3 Bb4+ 4. Bd2 a5 5. Qc2 O-O 6. Nc3 d5 7. e3 Nbd7 8. Bd3 b6 9. O-O Bb7 10. cxd5 exd5 11. Ne5 Re8 12. a3 Bd6 13. f4 c5 14. Bf5 Nf8 15. Be1 g6 16. Bd3 N6d7 17. Bb5 Rc8 18. Qa4 Re7 19. Bh4 f6 20. Nxd7 Nxd7 21. Bxd7 Qxd7 22. Qxd7 Rxd7 23. Bxf6 Bf8 24. f5 Ba6 25. Rf2 Bd3 26. fxg6 hxg6 27. Be5 Bh6 28. Rd1 c4 29. Bf4 Bg7 30. Rf3 Re8 31. h4 Re6 32. g4 Kh7 33. Kf2 Bf6 34. Bg5 Bxg5 35. hxg5 Kg7 36. Rh1 Be4 37. Nxe4 Rxe4 38. Rfh3 Rf7+ 39. Rf3 Rxg4 40. Rh7+ Kxh7 41. Rxf7+ Kg8 42. Rf6 Rxg5 43. Rxb6 Kf7 44. Rb5 Rf5+ 45. Kg3 a4 46. Rb4 Rf1 47. Rxa4 Ke6 48. Ra5 Rb1 49. Rb5 c3 50. Kf2 c2 51. Rxd5 Kxd5 0-1

[Event "November 21 Early 2023"]
[Site "https://www.chess.com"]
[Date "2023.11.21"]
[Round "4"]
[White "Ibarra Jerez, Jose Carlos"]
[Black "Goryachkina, Aleksandra"]
[Result "1/2-1/2"]
[Board "46"]
[TimeControl "180+1"]
[WhiteFideId "2226332"]
[BlackFideId "4147103"]
[WhiteElo "2634"]
[BlackElo "2475"]
[WhiteTeam "ESP"]
[BlackTeam "FID"]
[WhiteClock "0:00:11"]
[BlackClock "0:00:24"]

1. Nf3 d5 2. g3 Bg4 3. Bg2 c6 4. h3 Bh5 5. O-O Nf6 6. c4 e6 7. Qb3 Qb6 8. d3 Nbd7 9. Qc2 Be7 10. Nc3 O-O 11. Be3 Qd8 12. Qb3 Bxf3 13. exf3 b6 14. d4 Rc8 15. f4 dxc4 16. Qxc4 Nd5 17. a4 a5 18. Rac1 N7f6 19. Rfe1 Bb4 20. Bf3 b5 21. Qb3 bxa4 22. Qxa4 Nxe3 23. fxe3 c5 24. Red1 cxd4 25. exd4 Qb6 26. Ne2 h6 27. Kg2 Rfd8 28. Rc2 Rxc2 29. Qxc2 Nd5 30. Kf2 Ne7 31. Be4 Nd5 32. Rd3 Be7 33. Qd2 Bf6 34. Kf3 Nb4 35. Rc3 g6 36. Rc4 Kg7 37. h4 h5 38. Kg2 Nd5 39. Kf3 Ne7 40. Qc3 Rb8 41. Ra4 Qxb2 42. Qxb2 Rxb2 43. Rxa5 Rb3+ 44. Kf2 Rb2 45. Ke3 Rb3+ 46. Kf2 Rb2 47. Ke3 Rb3+ 48. Kf2 1/2-1/2